 Dungeon Crawl Stone Soup version 0.21-a0-233-g0929f2e (webtiles) character file.

219 GordonOverkill the Vandal (level 5, -3/28 HPs)
             Began as a Spriggan Hunter on Sept 1, 2017.
             Slain by a worker ant (5 damage)
             ... on level 5 of the Dungeon.
             The game lasted 00:06:46 (2506 turns).

GordonOverkill the Vandal (Spriggan Hunter)         Turns: 2506, Time: 00:06:47

Health: -3/28      AC:  2    Str:  8    XL:     5   Next: 63%
Magic:  6/6        EV: 18    Int: 13    God:
Gold:   120        SH:  0    Dex: 17    Spells: 4/4 levels left

rFire    . . .     SeeInvis +   a - +1 hunting sling
rCold    . . .     Gourm    .   (shield restricted)
rNeg     . . .     Faith    .   e - +0 robe (curse)
rPois    .         Spirit   .   (helmet restricted)
rElec    .         Reflect  .   (no cloak)
rCorr    .         Harm     .   (gloves unavailable)
MR       .....                  (boots unavailable)
Stlth    +++.......             (no amulet)
HPRegen  0.09/turn              p - +2 ring of evasion
MPRegen  0.10/turn              (no ring)

@: lethally poisoned (-3 -> -9), constricted, drained, very quick
A: unfitting armour, see invisible, herbivore 3, speed 3, slow metabolism 2
a: no special abilities


You were on level 5 of the Dungeon.
You were not hungry.

You visited 1 branch of the dungeon, and saw 5 of its levels.

You collected 120 gold pieces.

Inventory:

Hand Weapons
 a - a +1 hunting sling (weapon)
 b - a +0 short sword of protection
Missiles
 c - 71 stones
 d - 14 sling bullets (quivered)
Armour
 e - a cursed +0 robe (worn)
Jewellery
 p - a +2 ring of evasion (left hand)
 q - a cursed ring of protection from fire {unknown}
Wands
 u - a wand of paralysis (10/24)
Scrolls
 g - a scroll of remove curse {unknown}
 h - 2 scrolls of blinking {unknown}
 k - a scroll of teleportation {unknown}
 l - a scroll of identify {unknown}
 n - a scroll of fog {unknown}
 o - a scroll of amnesia {unknown}
Potions
 i - a potion of cancellation
 j - a potion of mutation {unknown}
 m - a potion of haste {unknown}
 r - a potion of invisibility {unknown}
 s - a potion of heal wounds {unknown}
Comestibles
 f - 8 bread rations
 t - a royal jelly


   Skills:
 + Level 2.8(2.5) Fighting
 + Level 6.3(5.9) Slings
 + Level 4.7(4.3) Dodging
 + Level 3.9(3.5) Stealth


You had 4 spell levels left.
You didn't know any spells.

Dungeon Overview and Level Annotations

Branches:
Dungeon (6/15)
 Temple: D:4-7

Altars:

Annotations:
D:6 Menkaure


Innate Abilities, Weirdness & Mutations

You are very small and have problems with some larger weapons.
You are too small for most types of armour.
You have supernaturally acute eyesight. (SInv)
You are a herbivore.
You cover ground extremely quickly.
You need consume almost no food.


Message History

Aim: a ball python You shoot a sling bullet.
The sling bullet hits the orc wizard.
The orc wizard is almost dead.
The orc wizard completely misses you. The worker ant bites you!
* * * LOW HITPOINT WARNING * * *
You are lethally poisoned!
The worker ant poisons you!
Firing (i - inventory. (,) - cycle):
d - 15 sling bullets (quivered)
Press: ? - help, Shift-Dir - straight line, f/p - ball python
Aim: a ball python You shoot a sling bullet.
The sling bullet hits the orc wizard.
You kill the orc wizard!
* * * LOW HITPOINT WARNING * * *
You feel sick. The worker ant barely misses you.
It was a potion of cancellation.
You feel magically purged.
* * * LOW HITPOINT WARNING * * *
You feel sick. The ball python completely misses you.
The ball python grabs you. The ball python constricts you.
The worker ant bites you.
You die...

≈.≈≈≈≈..≈≈≈≈≈≈≈
(...........!..
..([(((........
(.()..(>.......
#######.###<...
.......(.......
#######(#######
#S# #@# #a# #.#
#.. #.. #...
#(.. #####


You could see a worker ant and a ball python.

Vanquished Creatures
  2 orc wizards (D:5)
  8 adders
  An ooze (D:1)
  2 worms (D:2)
  A dart slug (D:1)
  2 leopard geckos
  4 orcs
  5 giant cockroaches (D:1)
  5 goblins
  7 hobgoblins
  10 jackals
  3 quokkas
  A ball python (D:2)
  9 bats
  7 frilled lizards
  10 kobolds
  3 rats
80 creatures vanquished.

Vanquished Creatures (others)
  A dart slug (D:2)
1 creature vanquished.

Grand Total: 81 creatures vanquished

Notes
Turn   | Place    | Note
-------+----------+-------------------------------------------
     0 | D:1      | GordonOverkill the Spriggan Hunter began the quest for the Orb.
     0 | D:1      | Reached XP level 1. HP: 10/10 MP: 2/2
   270 | D:1      | Reached skill level 5 in Slings
   298 | D:1      | Reached XP level 2. HP: 15/15 MP: 3/3
   469 | D:1      | Reached XP level 3. HP: 18/18 MP: 4/4
  1352 | D:2      | Reached XP level 4. HP: 23/23 MP: 5/5
  2084 | D:2      | Reached skill level 6 in Slings
  2084 | D:2      | Reached XP level 5. HP: 27/27 MP: 6/6
  2458 | D:3      | You fall through a shaft for 3 floors!
  2458 | D:6      | Noticed an ogre
  2471 | D:6      | Noticed Menkaure
  2476 | D:5      | Entered Level 5 of the Dungeon
  2506 | D:5      | Slain by a worker ant

Vault maps used:
D:1:      lemuel_arrival_funnel
D:2:      first_bread, lemuel_old_faithful
D:3:      wad_woods_settlement
D:5:      minmay_goblin_kobold_castle, kennysheep_mini_moat,
          minmay_temple_entry_fiery
D:6:      chequers_big_river, hangedman_feature_mirror, minivault_4,
          uniq_menkaure

Skill      XL: |  1  2  3  4 |
---------------+-------------+-----
Stealth        | 2 3 |  3.9
Slings         | 5 6 |  6.3
Fighting       | 2 |  2.8
Dodging        | 4 |  4.7

Action                   |  1- 3 |  4- 6 || total
-------------------------+-------+-------++-------
Melee: Short sword       |     1 |       ||     1
 Fire: Hunting sling     |   109 |   163 ||   272
  Use: Potion            |       |     1 ||     1
Armor: Robe              |       |     5 ||     5
Dodge: Dodged            |    32 |    67 ||    99

Table legend:
 A = Spawn XP
 B = Non-spawn XP
 C = Spawn XP percentage of total XP
 D = Spawn monster count
 E = Non-spawn monster count
 F = Spawn count percentage of total count
 G = Total turns spent on level
                    A         B        C        D         E        F      G
               +---------+---------+-------+---------+---------+-------+---------
         Total |      14 |     299 |   4.5 |       7 |      73 |   8.8 |  2506
               +---------+---------+-------+---------+---------+-------+---------
           D:1 |       0 |      49 |   0.0 |       0 |      27 |   0.0 |   940
           D:2 |      14 |     138 |   9.2 |       7 |      33 |  17.5 |  1294
           D:3 |       0 |      27 |   0.0 |       0 |       8 |   0.0 |   224
           D:5 |       0 |      85 |   0.0 |       0 |       5 |   0.0 |    30
               +---------+---------+-------+---------+---------+-------+---------
